 Dungeon Crawl Stone Soup version 0.17.1-3-g152610e (webtiles) character file.

18 jacquesderrida the Caller (level 2, -2/19 HPs)
             Began as a Demonspawn Summoner on Apr 27, 2016.
             Slain by an adder (4 damage)
             ... on level 2 of the Dungeon.
             The game lasted 00:02:38 (552 turns).

jacquesderrida the Caller (Demonspawn Summoner)      Turns: 552, Time: 00:02:38

Health: -2/19      AC:  2    Str:  8    XL:     2   Next: 51%
Magic:  1/5        EV: 12    Int: 16    God:
Gold:   27         SH:  0    Dex: 13    Spells: 1 memorised, 4 levels left

rFire  . . .     SeeInvis .     h - +0 hunting sling
rCold  . . .     Clarity  .     a - +0 robe
rNeg   . . .     SustAt   .     (no shield)
rPois  .         Gourm    .     (helmet restricted)
rElec  .         Spirit   .     (no cloak)
rCorr  .         Warding  .     (no gloves)
rMut   .         Stasis   .     (no boots)
MR     .....                    p - amulet of inaccuracy (curse)
Stlth  ++........               (no ring)
                                (no ring)

@: not resistant to hostile enchantments, unstealthy
A: antennae 1
a: no special abilities


You were on level 2 of the Dungeon.
You were not hungry.

You visited 1 branch of the dungeon, and saw 2 of its levels.

You collected 27 gold pieces.

Inventory:

Hand Weapons
 e - a +0 short sword
 h - a +0 hunting sling (weapon)
Missiles
 d - 5 curare-tipped needles
 m - 23 stones (quivered)
Armour
 a - a +0 robe (worn)
Jewellery
 p - a cursed amulet of inaccuracy (around neck)
Scrolls
 g - a scroll of fear {unknown}
Potions
 l - a potion of curing
Books
 b - a book of Callings

   Spells                             Type                      Level
   a - Summon Small Mammal            Summoning                    1
   b - Call Imp                       Summoning                    2
   c - Call Canine Familiar           Summoning                    3
   d - Summon Guardian Golem          Hexes/Summoning              3
   e - Summon Lightning Spire         Summoning/Air                4
   f - Summon Ice Beast               Ice/Summoning                4
Comestibles
 c - 2 bread rations
 f - a meat ration
 j - a beef jerky
 o - 2 chunks of flesh


   Skills:
 - Level 1.7 Dodging
 - Level 1.7 Stealth
 - Level 2.0 Spellcasting
 + Level 4.7 Summonings


You had 4 spell levels left.
You knew the following spells:

 Your Spells              Type           Power        Failure   Level  Hunger
a - Summon Small Mammal   Summ           ###.         3%          1    #......


Dungeon Overview and Level Annotations

Branches:
Dungeon (2/15)

Altars:
Cheibriados
Ru
Vehumet


Innate Abilities, Weirdness & Mutations

You have a pair of small antennae on your head.


Message History

The adder bites your bat.
Your bat dies!
Your bat's corpse disappears in a puff of smoke!
You feel sick.
You are no longer poisoned.
Firing (i - inventory):
m - 25 stones (quivered)
Press: ? - help, Shift-Dir - straight line, f - adder
Aim: an adder (severely wounded)
You shoot a stone. The stone misses the adder.
The stone hits the hobgoblin.
The hobgoblin is almost dead.
The adder barely misses you.
Firing (i - inventory):
m - 24 stones (quivered)
Press: ? - help, Shift-Dir - straight line, f/p - adder
Aim: an adder (severely wounded)
You shoot a stone. The stone misses the adder.
The stone hits the hobgoblin.
You kill the hobgoblin!
The adder bites you.
* * * LOW HITPOINT WARNING * * *
The adder bites you.
You die...

#,* #....g....#####.# *,*,*
#.* #.#######....##.####*,#,*
#.### #g# #..........##.#.#
#[..#####.# #.......<.<......
**#.......# #..........##.###
#..####.# #..........#*,#
#..# #.# #..........#*,*
###..#
##.#######..........#*,*
#....#
#...(.(.S@†........<#*,*
#.##(#
#.###.........#..####*,*
#.##.# #.#
#.######.......,,,,* #.##.#
#.# #.# #..##.###****
#.######.#####
#.....#********
#.##..,...,..#
#..#..,,,,,,,,*
.#.#.#*#.#*#.#
*..##.#******,*
#.##.###.###.# *,.#*..,..#
*,*
#.##.##...##.###*##..**,**#.#
*,*


You could see an adder.

Vanquished Creatures
  A hobgoblin (D:2)
  A quokka (D:2)
  A giant cockroach (D:2)
  A giant newt (D:2)
4 creatures vanquished.

Vanquished Creatures (collateral kills)
  An adder (D:2)
  A bat (D:2)
  A giant cockroach (D:1)
  A hobgoblin (D:2)
  A ball python (D:2)
  A giant newt (D:1)
  A kobold (D:1)
  3 rats (D:2)
10 creatures vanquished.

Grand Total: 14 creatures vanquished

Notes
Turn   | Place    | Note
--------------------------------------------------------------
     0 | D:1      | jacquesderrida the Demonspawn Summoner began the quest for the Orb.
     0 | D:1      | Reached XP level 1. HP: 13/13 MP: 3/3
   289 | D:2      | Found a sacrificial altar of Ru.
   364 | D:2      | Found a snail-covered altar of Cheibriados.
   391 | D:2      | Gained mutation: You have a pair of small antennae on your head. [demonic ancestry]
   391 | D:2      | Reached XP level 2. HP: 14/19 MP: 1/5
   430 | D:2      | Found a radiant altar of Vehumet.
   552 | D:2      | Slain by an adder

Action                   || total
-------------------------++-------
 Fire: Hunting sling     ||    11
 Cast: Summon Small Mamm ||    24
  Use: Scroll            ||     4
